 Dungeon Crawl Stone Soup version 0.31-a0-174-g85c54bcb58 (webtiles) character file.

Game seed: 1165297661147067289

2499 ytrimaz the Thaumaturge (level 9, 0/57 HPs)
             Began as a Mummy Necromancer on June 15, 2023.
             Was a Follower of Kikubaaqudgha.
             Slain by a wight
             ... wielding a +4 halberd
              (11 damage)
             ... on level 7 of the Dungeon on June 16, 2023.
             The game lasted 00:11:35 (7479 turns).

ytrimaz the Thaumaturge (Mummy Necromancer)         Turns: 7479, Time: 00:11:35

Health: 0/57       AC:  4    Str: 11    XL:     9   Next: 28%
Magic:  14/23      EV: 15    Int: 19    God:    Kikubaaqudgha [*.....]
Gold:   298        SH:  0    Dex: 18    Spells: 13/28 levels left

rFire   . . .        f - +3 short sword (protect)
rCold   + . .        (no shield)
rNeg    + + +        a - +0 robe rPois āˆž
                     (no helmet)
rElec   .            (no cloak)
rCorr   .            (no gloves)
SInv    .            i - +1 pair of boots
Will    +....        (no amulet)
Stlth   ++           c - ring of protection from fire
HPRegen 0.29/turn    j - +6 ring of dexterity
MPRegen 0.18/turn

%: faith
@: animating dead
A: cold resistance 1, negative energy resistance 3, torment resistance 2, heat
vulnerability 1, in touch with death 1, no potions, faith
a: Renounce Religion, Unearth Wretches


You were on level 7 of the Dungeon.
You worshipped Kikubaaqudgha.
Kikubaaqudgha was aware of your devotion.
You visited 2 branches of the dungeon, and saw 8 of its levels.

You collected 346 gold pieces.
You spent 48 gold pieces at shops.


Innate Abilities, Weirdness & Mutations

You are immune to poison.
Your flesh is cold resistant. (rC+)
You are immune to negative energy. (rN+++)
You are immune to unholy pain and torment.
You are vulnerable to heat. (rF-)
You are in touch with the powers of death.
You do not drink.
You have a special connection with the divine. (Faith)


   Skills:
 + Level 5.7 Dodging
 - Level 1.5 Stealth
 * Level 10.4 Spellcasting
 + Level 7.7 Necromancy


You had 13 spell levels left.
You knew the following spells:

 Your Spells              Type           Power      Damage    Failure   Level
a - Necrotise             Necr           100%       1d9       1%          1
b - Vampiric Draining     Necr           56%        2d10      1%          3
c - Animate Dead          Necr           56%        N/A       3%          4
d - Agony                 Necr           56%        N/A       9%          5
e - Cigotuvi's Dreadful   Necr/Pois/Air  58%        N/A       3%          2

Your spell library contained the following spells:

 Spells                   Type           Power      Damage    Failure   Level
 Kiss of Death            Conj/Necr      100%       2d13      1%          1
 Ensorcelled Hibernation  Hex/Ice        18%        N/A       11%         2
 Lesser Beckoning         Tloc           18%        N/A       11%         2
 Passwall                 Tmut/Erth      7%         N/A       11%         2
 Dazzling Flash           Conj/Hex       18%        N/A       22%         3
 Gell's Gravitas          Tloc           9%         N/A       22%         3
 Swiftness                Air            9%         N/A       22%         3
 Teleport Other           Tloc           9%         N/A       22%         3
 Silence                  Hex/Air        4%         N/A       89%         5

Inventory:

Hand Weapons
 f - a +3 short sword of protection (weapon)
   (You took it off a kobold on level 2 of the Dungeon)
Missiles
 e - 2 throwing nets
Armour
 a - a +0 robe (worn)
 i - a +1 pair of boots (worn)
   (You found it on level 5 of the Dungeon)
Jewellery
 c - a ring of protection from fire (left hand)
   (You found it on level 1 of the Dungeon)
 j - a +6 ring of dexterity (right hand)
   (You found it on level 5 of the Dungeon)
Wands
 h - a wand of digging (3)
   (You found it on level 5 of the Dungeon)
 k - a wand of flame (17)
   (You found it on level 6 of the Dungeon)
Scrolls
 b - 2 scrolls of poison
 d - a scroll of enchant weapon
 g - a scroll of revelation
 l - a scroll of identify {unknown}
 m - a scroll of enchant armour {unknown}
 n - a scroll of immolation {unknown}
 o - a scroll of silence {unknown}
 p - a scroll of vulnerability {unknown}

Dungeon Overview and Level Annotations

Branches:
Dungeon (7/15) Zot: 25526  Temple (1/1) D:4 Zot: 5902

Altars:
Ashenzari
Dithmenos
Fedhas
Kikubaaqudgha
Ru
Sif Muna
Trog
Vehumet
Wu Jian
Xom
Yredelemnul

Shops:
D:1 *   D:3 *

Annotations:
D:7 4 runed translucent doors, AwFulAwFulPlayer's ghost, novice DsCK; Crazy Yiuf

#...#!#...## #.#z......#...<...
##...#.#####.##.#zāŒ .āŒ .āŒ
.#.......
#Z...#.#...#...)#.z.....#....)(.
#.##.#.#.#.###..#########.......
#.####.#.#.#....###.#...........
#.# #.#.#.##...........#.......
#.# #...#.##..zz.#######...Z...
##Z########.##.zSZ.).............
.....##...#.##.Z@Z...........Z.Z.
.....##.#.#.#...Z...####........Z
......#.#.#.#....................
......#.#.#.#...############.....
#####.#.#...#.###################
###.#####......Z.............
#.#.#...#####################
###.#.#.#.#####################
###...#.#.#.#.........Z....ZZ.ZZ.


You could see a water moccasin (ally target), 3 wights, a friendly adder zombie,
a friendly boulder beetle zombie, a friendly gnoll zombie and a friendly kobold
zombie.


Message History

You hit the wight.
Your weapon exudes an aura of protection.
The wight barely misses you.
The wight hits your gnoll sergeant zombie with a +2 hand axe!
Your gnoll sergeant zombie is destroyed!
You hit the wight. The wight hits you with a +2 hand axe!
The wight completely misses your gnoll zombie. šŸ˜• HP[-9]
You take 9 damage, and now have 48/57 hp.
Unknown command.
You completely miss the wight.
Your gnoll zombie hits the wight but does no damage.
The wight barely misses you.
The wight hits your gnoll zombie with a +2 hand axe.
Your gnoll zombie is destroyed!
You hit the wight.
You destroy the wight!
Kikubaaqudgha accepts your kill.
Things that are here:
a +2 hand axe; a +0 robe Unknown command. šŸ˜• HP[+1]
A water moccasin comes into view. 3 wights come into view.
A wight is wielding a +2 trident of freezing.
The wight moves out of view.
A wight comes into view. It is wielding a +4 spear.
Found a stone staircase leading down. šŸ˜• HP[+1] Unknown command.
You swap places.
Your gnoll zombie misses the water moccasin.
The water moccasin bites your gnoll zombie!
Your gnoll zombie is destroyed!
Things that are here:
a +2 hand axe; a +0 robe šŸ˜• HP[+1]
The water moccasin attacks as you move away!
The water moccasin bites you.
The water moccasin misses you. šŸ˜• HP[-5]
You take 5 damage, and now have 46/57 hp.
The water moccasin attacks as you move away!
The water moccasin barely misses you. šŸ˜• HP[+1]
The water moccasin bites you but does no damage.
Kikubaaqudgha calls piteous wretches from the earth!
A gnoll and an adder come into view.
The water moccasin bites you. šŸ˜® HP[-5] MP[-3]
You take 5 damage, and now have 42/57 hp.
You lost 3 mp, and now have 20/23 mp.
Kikubaaqudgha calls piteous wretches from the earth!
Kikubaaqudgha will no longer protect you from necromantic miscasts or death curses.
A kobold and a boulder beetle come into view.
The water moccasin closely misses you. x2 šŸ˜® MP[-3]
You lost 3 mp, and now have 17/23 mp.
Casting: Vampiric Draining (safe; 1% risk of failure)
Confirm with . or Enter, or press ? or * to list all spells.
Okay, then.
Casting: Vampiric Draining (safe; 1% risk of failure)
Confirm with . or Enter, or press ? or * to list all spells.
You feel a surge of power!
You call upon the dead to rise.
The water moccasin barely misses you. šŸ˜® MP[-4]
You lost 4 mp, and now have 13/23 mp.
Unknown command.
Unknown command.
You closely miss the water moccasin.
A nearby gnoll perishes wretchedly.
A nearby adder perishes wretchedly.
A nearby kobold perishes wretchedly.
A nearby boulder beetle perishes wretchedly.
The water moccasin misses you.
The dead are walking! x2
The dead are slithering!
The dead are walking!
The wight hits you from afar with a +4 spear. šŸ˜® HP[-1]
You take 1 damage, and now have 41/57 hp.
You completely miss the water moccasin. The water moccasin bites you!
The water moccasin misses you.
Your adder zombie bites the water moccasin but does no damage.
The wight misses you.
The wight barely misses you. šŸ˜® HP[-6] MP[+1]
You take 6 damage, and now have 35/57 hp.
Unknown command.
You closely miss the water moccasin.
Your kobold zombie barely misses the water moccasin.
The water moccasin closely misses you.
Your adder zombie bites the water moccasin but does no damage.
The wight hits you from afar with a +4 halberd!!
* * * LOW HITPOINT WARNING * * *
The wight barely misses you. šŸ˜Ø HP[-20]
You take 20 damage, and now have 15/57 hp.
MASSIVE DAMAGE!! (PAUSE)
You miss the water moccasin. The water moccasin bites you.
* * * LOW HITPOINT WARNING * * *
Your kobold zombie hits the water moccasin but does no damage.
Your adder zombie closely misses the water moccasin.
The wight hits you from afar with a +4 halberd!
You die...
Kikubaaqudgha rasps: "You have failed me!
Welcome... oblivion!"

Skill      XL: |  1  2  3  4  5  6  7  8  9 |
---------------+----------------------------+-----
Spellcasting   | 3 4 6 7 9 10 | 10.4
Dodging        | 2 3 4 5 |  5.7
Necromancy     | 5 6 7 |  7.7
Stealth        | |  1.5

Action                     |  1- 3 |  4- 6 |  7- 9 || total
---------------------------+-------+-------+-------++-------
  Melee: Unarmed           |    14 |       |       ||    14
         Short sword       |     1 |    63 |   147 ||   211
         Punch             |       |     1 |       ||     1
   Cast: Necrotise         |    61 |    75 |    63 ||   199
         Vampiric Draining |       |    14 |    47 ||    61
         Animate Dead      |       |       |     2 ||     2
 Invoke: Unearth Wretches  |       |       |     3 ||     3
    Use: Scroll            |     3 |     5 |       ||     8
 Armour: Robe              |     4 |    27 |    62 ||    93
  Dodge: Dodged            |    25 |    78 |   166 ||   269

Levels and vault maps discovered:
D:1:      amcnicky_arrival_underground_garden, layout_rooms, serial_shops, shop
D:2:      layout_loops_corners, kennysheep_generic_room_7, uniq_jessica
D:3:      layout_basic, mainiacjoe_overflow_catch_the_wave, serial_shops, shop
D:4:      layout_loops_cross, mainiacjoe_overflow_boulevard,
          pdpol_wu_jian_five_deadly_venoms, temple_doors_ab, uniq_robin
D:5:      layout_rooms, uniq_grinder
D:6:      layout_basic, nicolae_overflow_crystal_walls
D:7:      layout_rooms, nicolae_yredelemnul_ghost_church, grunt_ministairs_3,
          roderic_serpentine_path, uniq_crazy_yiuf_cottage, uniq_menkaure
Temple:   nicolae_temple_colour_theory

Notes
Turn   | Place    | Note
-------+----------+-------------------------------------------
     0 | D:1      | ytrimaz the Mummy Necromancer began the quest for the Orb.
     0 | D:1      | Reached XP level 1. HP: 13/13 MP: 4/4
     0 | D:1      | magus.rc [v1.9.6]
   217 | D:1      | You pick up a book of Burglary and begin reading...
   217 | D:1      | You add the spells Passwall, Ensorcelled Hibernation and
                  | Swiftness to your library.
   247 | D:1      | Reached skill level 3 in Spellcasting
   306 | D:1      | Reached XP level 2. HP: 13/19 MP: 1/6
   413 | D:1      | Reached skill level 2 in Dodging
   503 | D:1      | Found Boboqaut's Assorted Antiques.
   529 | D:1      | Bought a scroll labelled ASINEBR JOUGAPS for 24 gold pieces
   529 | D:1      | Bought a scroll labelled ASINEBR JOUGAPS for 24 gold pieces
  1013 | D:2      | Gained mutation: You are in touch with the powers of death.
                  | [Mummy growth]
  1013 | D:2      | Reached XP level 3. HP: 24/24 MP: 3/7
  1017 | D:2      | Learned a level 3 spell: Vampiric Draining
  1189 | D:2      | Noticed Jessica
  1197 | D:2      | Killed Jessica
  1406 | D:2      | You pick up a book of Displacement and begin reading...
  1406 | D:2      | You add the spells Lesser Beckoning, Gell's Gravitas and
                  | Teleport Other to your library.
  1458 | D:2      | Reached XP level 4. HP: 30/30 MP: 6/9
  1804 | D:3      | Found Edeommyl's General Store.
  1916 | D:3      | Noticed a steam dragon
  2248 | D:3      | Found a radiant altar of Vehumet.
  2379 | D:4      | Noticed Robin
  2449 | D:4      | Killed Robin
  2450 | D:4      | Reached skill level 4 in Spellcasting
  2569 | D:4      | Reached XP level 5. HP: 27/35 MP: 5/11
  2638 | D:4      | Found a blossoming altar of Fedhas.
  2738 | D:4      | Reached skill level 5 in Necromancy
  2867 | D:4      | Reached skill level 3 in Dodging
  2928 | D:4      | Found an ornate altar of the Wu Jian Council.
  3056 | D:4      | Reached XP level 6. HP: 15/41 MP: 9/13
  3216 | D:4      | You pick up a book of the Senses and begin reading...
  3216 | D:4      | You add the spells Dazzling Flash and Silence to your
                  | library.
  3232 | D:4      | Learned a level 4 spell: Animate Dead
  3238 | D:4      | Learned a level 5 spell: Agony
  3320 | D:4      | Found a staircase to the Ecumenical Temple.
  3325 | Temple   | Entered the Ecumenical Temple
  3414 | Temple   | Became a worshipper of Kikubaaqudgha
  3586 | D:5      | Entered Level 5 of the Dungeon
  3586 | D:5      | Noticed an ice beast
  3596 | D:4      | Reached skill level 5 in Spellcasting
  3672 | D:5      | Killed an ice beast
  3961 | D:5      | Reached skill level 6 in Spellcasting
  3961 | D:5      | Reached XP level 7. HP: 34/46 MP: 12/16
  4049 | D:5      | Noticed Grinder
  4087 | D:4      | HP: 10/46 [phantom (6)]
  4286 | D:5      | Reached skill level 4 in Dodging
  4286 | D:5      | Reached skill level 6 in Necromancy
  4358 | D:5      | Paralysed by Grinder for 5 turns
  4390 | D:5      | Paralysed by Grinder for 3 turns
  4394 | D:5      | Killed Grinder
  4394 | D:5      | Reached * piety under Kikubaaqudgha
  4394 | D:5      | You add the spells Kiss of Death and Cigotuvi's Dreadful
                  | Rot to your library.
  4394 | D:5      | Received a gift from Kikubaaqudgha
  4395 | D:5      | Reached skill level 7 in Spellcasting
  4401 | D:5      | Learned a level 2 spell: Cigotuvi's Dreadful Rot
  4945 | D:6      | Reached XP level 8. HP: 46/52 MP: 12/19
  5218 | D:6      | HP: 13/52 [kobold brigand/+2 battleaxe of electrocution
                  | (8)]
  5218 | D:6      | HP: 5/52 [kobold brigand/+2 battleaxe of electrocution (8)]
  5221 | D:6      | Reached skill level 8 in Spellcasting
  5927 | D:6      | Found a shimmering blue altar of Sif Muna.
  6006 | D:7      | Noticed a hornet
  6013 | D:7      | Killed a hornet
  6014 | D:7      | Reached skill level 5 in Dodging
  6014 | D:7      | Reached skill level 9 in Spellcasting
  6014 | D:7      | Reached skill level 7 in Necromancy
  6447 | D:7      | Reached XP level 9. HP: 27/57 MP: 2/22
  6580 | D:7      | Found a runed translucent door.
  6581 | D:7      | Noticed Crazy Yiuf
  6694 | D:7      | Reached ** piety under Kikubaaqudgha
  6995 | D:7      | Reached skill level 10 in Spellcasting
  7326 | D:7      | Found a runed translucent gate.
  7326 | D:7      | Found a runed translucent gate.
  7326 | D:7      | Found a runed translucent gate.
  7326 | D:7      | Noticed AwFulAwFulPlayer's ghost (novice DsCK)
  7328 | D:7      | Found a basalt altar of Yredelemnul.
  7370 | D:7      | Noticed Menkaure
  7379 | D:7      | Killed Menkaure
  7479 | D:7      | HP: 11/57 [water moccasin (4)]
  7479 | D:7      | Slain by a wight

Vanquished Creatures
  Grinder (D:5)
  A hornet (D:7)
  Menkaure (D:7)
  An ice beast (D:5)
  2 ogres
  A centaur (D:7)
  A phantom (D:4)
  2 kobold brigands (D:6)
  3 bullfrogs
  A gnoll sergeant (D:7)
  5 scorpions
  A wight (D:7)
  4 killer bees (D:7)
  An orc priest (D:5)
  6 hounds
  3 jellies (D:6)
  Jessica (D:2)
  2 iguanas
  3 orc wizards (D:5)
  A howler monkey zombie (D:7)
  Robin (D:4)
  5 adders
  5 gnolls (D:7)
  A white imp (D:7)
  An ufetubus (D:4)
  A worm (D:3)
  A dart slug (D:5)
  13 orcs
  6 bats
  3 endoplasms
  3 giant cockroaches
  12 goblins
  11 hobgoblins
  5 jackals
  17 kobolds
  5 quokkas
  2 ball pythons
  2 frilled lizards
  3 rats
138 creatures vanquished.

Vanquished Creatures (collateral kills)
  A howler monkey zombie (D:7)
  A frilled lizard (D:1)
  2 rats
4 creatures vanquished.

Vanquished Creatures (others)
  A boulder beetle (D:7)
  A scorpion zombie (D:7)
  A gnoll (D:7)
  An adder (D:7)
  5 gnoll zombies (D:7)
  2 kobolds
  A rat (D:7)
12 creatures vanquished.

Grand Total: 154 creatures vanquished

Table legend:
 A = Non-vault XP
 B = Vault XP
 C = Vault XP percentage of total XP
 D = Non-vault monster count
 E = Vault monster count
 F = Vault count percentage of total count
                 A         B        C        D         E       F
            +---------+---------+-------+---------+---------+-------
      Total |    2942 |     629 |  17.6 |     123 |      19 |  13.4
            +---------+---------+-------+---------+---------+-------
        D:1 |      36 |       0 |   0.0 |      22 |       0 |   0.0
        D:2 |      24 |      41 |  63.1 |      16 |       3 |  15.8
        D:3 |      24 |       0 |   0.0 |      11 |       0 |   0.0
        D:4 |     384 |      35 |   8.4 |      15 |      11 |  42.3
        D:5 |     573 |     272 |  32.2 |      17 |       1 |   5.6
        D:6 |     609 |       0 |   0.0 |      20 |       0 |   0.0
        D:7 |    1292 |     281 |  17.9 |      22 |       4 |  15.4
            +---------+---------+-------+---------+---------+-------

Skill      XL: |  1  2  3  4  5  6  7  8  9 |
---------------+----------------------------+-----
Spellcasting   | 3 4 6 7 9 10 | 10.4
Dodging        | 2 3 4 5 |  5.7
Necromancy     | 5 6 7 |  7.7
Stealth        | |  1.5

Action                     |  1- 3 |  4- 6 |  7- 9 || total
---------------------------+-------+-------+-------++-------
  Melee: Unarmed           |    14 |       |       ||    14
         Short sword       |     1 |    63 |   147 ||   211
         Punch             |       |     1 |       ||     1
   Cast: Necrotise         |    61 |    75 |    63 ||   199
         Vampiric Draining |       |    14 |    47 ||    61
         Animate Dead      |       |       |     2 ||     2
 Invoke: Unearth Wretches  |       |       |     3 ||     3
    Use: Scroll            |     3 |     5 |       ||     8
 Armour: Robe              |     4 |    27 |    62 ||    93
  Dodge: Dodged            |    25 |    78 |   166 ||   269

Illustrated notes

Table legend:
 A = Kills in this place as a percentage of kills in the entire game.
 B = Kills by you in this place as a percentage of kills by you in the entire game.
 C = Kills by friends in this place as a percentage of kills by friends in the entire game.
 D = Other kills in this place as a percentage of other kills in the entire game.
 E = Experience gained in this place as a percentage of experience gained in the entire game.
 F = Experience gained in this place divided by the number of levels of this place that you have seen.
                   A       B       C       D       E      F
               +-------+-------+-------+-------+-------+----------------------
         Total | 100.0 | 100.0 | 100.0 |   N/A | 100.0 | 446.4
       Dungeon | 100.0 | 100.0 | 100.0 |   N/A | 100.0 | 510.1
               +-------+-------+-------+-------+-------+----------------------

Table legend: (Time is in decaauts)
 A = Elapsed time spent in this place.
 B = Non-inter-level travel time spent in this place.
 C = Inter-level travel time spent in this place.
 D = Time resting spent in this place.
 E = Time spent auto-exploring this place.
 F = Levels seen in this place.
 G = Mean time per level.
                   A        B        C        D        E       F      G
               +--------+--------+--------+--------+--------+-----+--------+
         Total |   7482 |   7321 |    161 |    199 |   5893 |   8 |  935.2 |
       Dungeon |   7384 |   7248 |    136 |    199 |   5827 |   7 | 1054.9 |
        Temple |     97 |     72 |     25 |      0 |     66 |   1 |   97.0 |
               +--------+--------+--------+--------+--------+-----+--------+

Top non-repeatable levels by time:
     D:7: 1472 daAuts
     D:4: 1376 daAuts
     D:5: 1216 daAuts
     D:2: 1017 daAuts
     D:6: 945 daAuts
     D:1: 785 daAuts
     D:3: 570 daAuts
  Temple: 97 daAuts
